 Dungeon Crawl Stone Soup version 0.29-a0-483-g69413ace17 (webtiles) character file.

Game seed: 4534095376380753985

3628 horus123 the Thaumaturge (level 9, -12/45 HPs)
             Began as a Deep Elf Conjurer on May 15, 2022.
             Was a Believer of Vehumet.
             Mangled by a skeletal warrior
             ... wielding a +0 dire flail
             ... led by a death knight
              (26 damage)
             ... on level 9 of the Dungeon on May 26, 2022.
             The game lasted 00:19:34 (8804 turns).

horus123 the Thaumaturge (Deep Elf Conjurer)        Turns: 8804, Time: 00:19:34

Health: -12/45     AC: 12    Str: 10    XL:     9   Next: 87%
Magic:  25/25      EV: 12    Int: 28    God:    Vehumet [**....]
Gold:   454        SH:  0    Dex: 13    Spells: 10/28 levels left

rFire   . . .      SeeInvis .   G - +2 rapier (vamp)
rCold   . . .      Faith    .   (no shield)
rNeg    . . .      Spirit   .   O - +0 steam dragon scales
rPois   .          Reflect  .   i - +0 helmet
rElec   .          Harm     +   (no cloak)
rCorr   .          Rampage  .   y - +0 pair of gloves "Vuidiyho" {Harm}
Will    .....                   E - +0 pair of boots
Stlth   ++........              v - amulet of the acrobat
HPRegen 0.15/turn               t - +4 ring of protection
MPRegen 0.19/turn               x - +6 ring of strength

@: weak-willed
A: no striking features
a: Renounce Religion


You were on level 9 of the Dungeon.
You worshipped Vehumet.
Vehumet was pleased with you.
You visited 2 branches of the dungeon, and saw 10 of its levels.

You collected 454 gold pieces.

Inventory:

Hand Weapons
 G - a +2 vampiric rapier (weapon)
Missiles
 c - 5 curare-tipped darts
 j - 18 poisoned darts
 n - 4 boomerangs of dispersal
Armour
 a - a +0 robe
 i - a +0 helmet (worn)
 y - the +0 pair of gloves "Vuidiyho" (worn) {Harm}
   (You found it on level 5 of the Dungeon)

   Harm:      It increases damage dealt and taken.
 E - a +0 pair of boots (worn)
 O - +0 steam dragon scales (worn)
Jewellery
 t - a +4 ring of protection (left hand)
 v - an amulet of the acrobat (around neck)
 x - a +6 ring of strength (right hand)
 C - a ring of resist corrosion
 F - an amulet of guardian spirit
Wands
 h - a wand of digging (6)
 p - a wand of polymorph (16)
 L - a wand of acid (6)
Scrolls
 d - 4 scrolls of fog
 e - a scroll of vulnerability
 f - 5 scrolls of teleportation
 k - a scroll of summoning
 m - 4 scrolls of fear
 q - a scroll of brand weapon
 w - a scroll of immolation
 H - a scroll of magic mapping
 I - 2 scrolls of noise {unknown}
Potions
 b - 2 potions of magic
 g - 7 potions of heal wounds
 l - 2 potions of attraction
 o - 4 potions of mutation
 r - a potion of might
 s - a potion of degeneration
 u - 2 potions of brilliance
 z - 2 potions of curing {unknown}
 A - a potion of resistance {unknown}
 B - a potion of flight {unknown}
 D - a potion of berserk rage {unknown}
 J - a potion of invisibility {unknown}
 K - a potion of lignification {unknown}
 M - a potion of ambrosia {unknown}
 N - a potion of cancellation {unknown}


   Skills:
 - Level 2.4 Dodging
 - Level 2.4 Stealth
 - Level 10.0 Spellcasting
 - Level 8.0 Conjurations
 - Level 9.0 Translocations
 + Level 7.1 Fire Magic


You had 10 spell levels left.
You knew the following spells:

 Your Spells              Type           Power      Damage    Failure   Level
a - Magic Dart            Conj           100%       1d8       1%          1
b - Searing Ray           Conj           100%       2d8       1%          2
c - Iskenderun's Mystic   Conj/Tloc      58%        2d12      1%          4
d - Poisonous Vapours     Pois/Air       28%        N/A       6%          2
e - Stone Arrow           Conj/Erth      72%        3d11      2%          3
f - Starburst             Conj/Fire      27%        6d9       26%         6

Your spell library contained the following spells:

 Spells                   Type           Power      Damage    Failure   Level
 Mephitic Cloud           Conj/Pois/Air  29%        N/A       4%          3
 Dazzling Flash           Conj/Hex       72%        N/A       2%          3
 Sandblast                Erth           28%        2d8       4%          1
 Summon Small Mammal      Summ           56%        N/A       4%          1
 Passwall                 Tmut/Erth      11%        N/A       6%          2
 Fulminant Prism          Conj/Hex       18%        3d11      8%          4
 Call Canine Familiar     Summ           14%        N/A       12%         3
 Summon Guardian Golem    Hex/Summ       14%        N/A       12%         3
 Irradiate                Conj/Tmut      18%        3d19      22%         5
 Blade Hands              Tmut           7%         N/A       73%         5
 Dragon Form              Tmut           7%         N/A       100%        7


Dungeon Overview and Level Annotations

Branches:
Dungeon (9/15)             Temple (1/1) D:4
   Lair: D:8-11         Orc: D:9-12

Altars:
Cheibriados
Elyvilon
Fedhas
Gozag
Hepliaklqana
Kikubaaqudgha
Makhleb
Nemelex Xobeh
Okawaru
Qazlal
Ru
Uskayaw
Vehumet
Xom
Yredelemnul
Zin
The Shining One


Message History

The magic dart hits you.
Casting: Stone Arrow (dangerous; 2% risk of failure)
Confirm with . or Enter, or press ? or * to list all spells.
You erupt in a blast of force!
The mystic blast hits dabmancer's ghost!!
You destroy dabmancer's ghost!
Vehumet accepts your kill.
Your Fire Magic skill gained 2 levels and is now at level 7!
You start resting.
HP restored.
You start resting.
Magic restored.
You start waiting.
Done waiting.
There is an open translucent door here.
o - 4 potions of mutation (gained 1)
f - 5 scrolls of teleportation (gained 1)
P - a scroll of enchant weapon Done exploring.
As you read the scroll of enchant weapon, it crumbles to dust.
Your +1 vampiric rapier glows red for a moment.
Done exploring.
(D) Dungeon (T) Temple
Where to? (Enter - D:9, ? - help)
What level of the Dungeon? (default 1, ? - help)
There is an open translucent door here.
There is a stone staircase leading down here.
You climb downwards.
A killer bee comes into view.
The orc hits you but does no damage. The orc completely misses you.
The skeletal warrior misses you. The phantasmal warrior hits you!!
Ouch! That really hurt!
Your willpower is stripped away!
You hear a shout!
The killer bee buzzes angrily.
There is a stone staircase leading up, spattered with blood here.
The orc hits you with a +0 mace.
The phantasmal warrior closely misses you.
The skeletal warrior hits you with a +0 dire flail!!
Ouch! That really hurt!
You die...

##.....#.#.
..........
......yyy
.....D.
.....#
#.... #Wo#
#@.# #zo#


Wp.o. ..o.#.# ..##.#o# ##. .. # .. #. ## .. You could see a death knight, a
skeletal warrior, a phantasmal warrior, a freezing wraith, an orc warrior, an
acid dragon, 3 killer bees and 4 orcs.

Vanquished Creatures
  The ghost of dabmancer the Thaumaturge, a novice SpWz of Kikubaaqudgha (D:8)
  A phantasmal warrior (D:8)
  2 steam dragons
  A water moccasin (D:6)
  Duvessa (D:5)
  2 ice beasts
  An orc warrior (D:6)
  3 ogres
  2 black bears
  A centaur (D:7)
  A kobold brigand (D:7)
  4 bullfrogs
  A scorpion (D:5)
  7 wights (D:7)
  Dowan (D:5)
  4 howler monkeys
  2 orc priests
  2 hounds
  Natasha (thrice) (D:2 D:1)
  Ijyb (D:4)
  Terence (D:2)
  2 iguanas
  An orc wizard (D:6)
  3 gnolls (D:2)
  6 adders
  An ufetubus (D:4)
  4 worms
  A dart slug (D:3)
  14 orcs
  6 bats
  4 endoplasms
  3 giant cockroaches
  11 goblins
  9 hobgoblins
  2 quokkas (D:2)
  5 ball pythons
  6 frilled lizards
  10 kobolds
  4 rats
134 creatures vanquished.

Notes
Turn   | Place    | Note
-------+----------+-------------------------------------------
     0 | D:1      | horus123 the Deep Elf Conjurer began the quest for the Orb.
     0 | D:1      | Reached XP level 1. HP: 10/10 MP: 6/6
   540 | D:1      | Reached XP level 2. HP: 15/15 MP: 5/8
   543 | D:1      | Learned a level 2 spell: Searing Ray
   719 | D:1      | Reached skill level 4 in Spellcasting
   876 | D:1      | Found a faded altar of an unknown god.
  1197 | D:2      | Noticed Terence
  1393 | D:2      | Noticed Natasha
  1399 | D:2      | Killed Natasha
  1400 | D:2      | Reached skill level 5 in Spellcasting
  1400 | D:2      | Reached XP level 3. HP: 9/19 MP: 1/11
  1520 | D:2      | Noticed Natasha
  1527 | D:2      | Killed Natasha
  1528 | D:2      | Reached skill level 6 in Spellcasting
  1528 | D:2      | Reached XP level 4. HP: 12/24 MP: 3/14
  1531 | D:2      | Noticed Natasha
  1543 | D:1      | Killed Natasha
  1644 | D:2      | You fall into a shaft and drop 2 floors!
  1703 | D:4      | Noticed Ijyb
  1711 | D:4      | Killed Ijyb
  1778 | D:4      | Found a staircase to the Ecumenical Temple.
  1785 | Temple   | Entered the Ecumenical Temple
  1796 | Temple   | Became a worshipper of Vehumet
  1885 | D:2      | Learned a level 4 spell: Iskenderun's Mystic Blast
  1899 | D:2      | Reached skill level 7 in Spellcasting
  1899 | D:2      | Reached XP level 5. HP: 28/28 MP: 12/16
  2119 | D:2      | Killed Terence
  2120 | D:2      | Reached skill level 5 in Conjurations
  2531 | D:3      | Reached * piety under Vehumet
  2531 | D:3      | Offered knowledge of Freeze by Vehumet.
  3006 | D:4      | Noticed an ogre
  3012 | D:3      | Killed an ogre
  3013 | D:3      | Reached XP level 6. HP: 16/32 MP: 12/18
  3419 | D:4      | Noticed an ice beast
  3425 | D:4      | Killed an ice beast
  3627 | D:4      | Offered knowledge of Poisonous Vapours by Vehumet.
  3628 | D:4      | Reached XP level 7. HP: 36/36 MP: 15/19
  3631 | D:4      | Learned a level 2 spell: Poisonous Vapours
  3762 | D:4      | Reached ** piety under Vehumet
  4021 | D:5      | Entered Level 5 of the Dungeon
  4026 | D:5      | Reached skill level 1 in Translocations
  4385 | D:5      | Learned a level 3 spell: Stone Arrow
  4464 | D:5      | Identified the +0 pair of gloves "Vuidiyho" {Harm}
  4666 | D:5      | Noticed Duvessa
  4666 | D:5      | Noticed Dowan
  4674 | D:5      | Killed Duvessa
  4683 | D:5      | Killed Dowan
  4834 | D:6      | Reached skill level 5 in Translocations
  4838 | D:6      | Reached XP level 8. HP: 41/41 MP: 11/20
  5854 | D:6      | Found a burning altar of Makhleb.
  5935 | D:6      | Upgraded the game from 0.29-a0-414-g5075937ec3 to
                  | 0.29-a0-483-g69413ace17
  6328 | D:7      | Reached XP level 9. HP: 29/45 MP: 14/22
  6442 | D:7      | Reached skill level 8 in Spellcasting
  6644 | D:7      | Learned a level 6 spell: Starburst
  6671 | D:7      | Offered knowledge of Mephitic Cloud by Vehumet.
  6672 | D:7      | Reached skill level 9 in Spellcasting
  7166 | D:8      | Found a runed translucent door.
  7292 | D:8      | Reached skill level 10 in Spellcasting
  7292 | D:8      | Reached skill level 1 in Fire Magic
  7379 | D:8      | Found a white marble altar of Elyvilon.
  7472 | D:8      | Found a glowing silver altar of Zin.
  7520 | D:8      | Found an opulent altar of Gozag.
  7640 | D:8      | Noticed dabmancer's ghost (novice SpWz)
  8173 | D:9      | Noticed a death knight
  8173 | D:9      | Noticed a phantasmal warrior
  8173 | D:9      | Noticed a phantasmal warrior
  8173 | D:9      | Noticed a skeletal warrior
  8180 | D:8      | Killed a phantasmal warrior
  8181 | D:8      | Reached skill level 5 in Fire Magic
  8600 | D:8      | Killed dabmancer's ghost
  8804 | D:9      | Noticed a freezing wraith
  8804 | D:9      | Mangled by a skeletal warrior

Illustrated notes

Levels and vault maps discovered:
D:1:      dpeg_arrival_erosion, layout_loops_corners,
          dreamdust_ecumenical_altar_statues
D:2:      layout_rooms, uniq_terence, uniq_natasha
D:3:      layout_rooms
D:4:      layout_basic, minmay_temple_entry_hall, uniq_ijyb
D:5:      dreamdust_elfheim, layout_rooms
D:6:      layout_loops_ring, lightli_temple_of_fire
D:7:      layout_basic, chequers_serial_rivers_large_a
D:8:      layout_basic, pdpol_temple_overflow_zin_treasury_gozag_greed,
          elyvilon_altar_3, hellmonk_ghost_happy_afterlife, minmay_crystal_room
D:9:      layout_loops_cross, david_orc_2, serial_rivers,
          chequers_serial_rivers_small_a, chequers_serial_rivers_micro_a,
          chequers_serial_rivers_small_3, chequers_serial_rivers_micro_b,
          eino_tiny_chamber, uniq_pikel
Temple:   nicolae_temple_x_marks_the_god

Skill      XL: |  1  2  3  4  5  6  7  8  9 |
---------------+----------------------------+-----
Spellcasting   | 5 6 7 10 | 10.0
Conjurations   | 6 7 8 |  8.0
Translocations | 5 9 |  9.0
Fire Magic     | 7 |  7.1
Dodging        | |  2.4
Stealth        | |  2.4

Action                   |  1- 3 |  4- 6 |  7- 9 || total
-------------------------+-------+-------+-------++-------
Melee: Rapier            |       |       |     3 ||     3
 Cast: Magic Dart        |    44 |   101 |    89 ||   234
       Searing Ray       |     3 |    12 |    24 ||    39
       Iskenderun's Myst |       |       |    19 ||    19
       Stone Arrow       |       |       |    11 ||    11
  Use: Scroll            |     2 |     5 |     9 ||    16
       Potion            |       |     1 |     1 ||     2
Armor: Robe              |       |     8 |    12 ||    20
       Steam dragon scal |       |       |     1 ||     1
Dodge: Dodged            |     5 |    17 |    44 ||    66

Table legend: (Time is in decaauts)
 A = Elapsed time spent in this place.
 B = Non-inter-level travel time spent in this place.
 C = Inter-level travel time spent in this place.
 D = Time resting spent in this place.
 E = Time spent auto-exploring this place.
 F = Levels seen in this place.
 G = Mean time per level.
                   A        B        C        D        E       F      G
               +--------+--------+--------+--------+--------+-----+--------+
         Total |   8840 |   8648 |    192 |   2354 |   5105 |  10 |  884.0 |
       Dungeon |   8823 |   8637 |    186 |   2354 |   5105 |   9 |  980.3 |
        Temple |     17 |     11 |      6 |      0 |      0 |   1 |   17.0 |
               +--------+--------+--------+--------+--------+-----+--------+

Top non-repeatable levels by time:
     D:8: 1635 daAuts
     D:1: 1394 daAuts
     D:4: 1158 daAuts
     D:7: 1058 daAuts
     D:6: 965 daAuts
     D:5: 879 daAuts
     D:2: 874 daAuts
     D:3: 853 daAuts
  Temple: 17 daAuts
     D:9: 3 daAuts
